[Event "Italian-ch Teams-B 2022"]
[Site "Montesilvano"]
[Date "2022.04.20"]
[Round "2.2"]
[White "Valsecchi, Alessio"]
[Black "Paltrinieri, Nicholas"]
[Result "1-0"]
[ECO "C02"]
[WhiteElo "2524"]
[BlackElo "2344"]
[Annotator "TA"]
[PlyCount "49"]
[EventDate "2022.04.19"]
[EventType "team-tourn"]
[EventCountry "ITA"]
[SourceTitle "playchess.com"]
[Source "ChessBase"]
[SourceQuality "1"]
[TimeControl "40/5400+30:1800+30"]

1. e4 e6 2. d4 d5 3. e5 c5 4. c3 Nc6 5. Nf3 Bd7 6. Be2 Nge7 7. Na3 Ng6 8. h4 {[%emt 0:06:39][%cal Bh2h4,Bh4h5][%mdl 32] C02: French: Advance Variation.} cxd4 9. cxd4 Bb4+ 10. Kf1 {[%emt 0:00:09] White is slightly better.} Nge7 11. h5 h6 12. Nc2 Ba5 13. a3 {[%emt 0:02:35] [#]} f6 $146 (13... Bb6 $11) ({Predecessor:} 13... Bb6 14. b4 O-O 15. g4 f6 16. exf6 Rxf6 17. g5 hxg5 18. Bxg5 Nf5 19. Qd2 Qf8 20. Bxf6 Qxf6 {½-½ (31) Karpatchev,A (2474)-Gomez,J (2527) Moscow 2011}) 14. exf6 gxf6 15. Ne3 Kf7 {[%emt 0:12:18] [#]} (15... Bb6 $16) 16. b4 $1 $18 Bb6 17. Bb2 (17. b5 $142) 17... Nc8 $16 18. Nh4 {[%emt 0:13:03] &Bianco is more active.} N6e7 (18... Nd6 $142) 19. Bd3 (19. Ng6 $6 Nxg6 20. hxg6+ Kg7 $14) 19... Nd6 20. Qf3 Bb5 $2 {[%emt 0:03:50] [#] A mistake that costs the game.} (20... Ne4 $16 {was necessary.} 21. Bxe4 dxe4 22. Qxe4 f5) 21. Bxb5 $18 Nxb5 22. Ng4 Nc6 23. Qd3 Bxd4 24. Bxd4 {[%emt 0:00:30] Really sharp!} ({Not} 24. Qg6+ Ke7 25. Bxd4 Nbxd4 $18) 24... Nbxd4 25. b5 {[%emt 0:01:04] Weighted Error Value: White=0.07 (flawless) /Black=0.40} ({Weaker is} 25. Qg6+ Ke7 $16) 1-0

[Event "Italian-ch Teams-B 2022"]
[Site "Montesilvano"]
[Date "2022.04.20"]
[Round "2.2"]
[White "Borgo, Giulio"]
[Black "Boraso, Alessio"]
[Result "1-0"]
[ECO "B40"]
[WhiteElo "2345"]
[BlackElo "2286"]
[Annotator "TA"]
[PlyCount "55"]
[EventDate "2022.04.19"]
[EventType "team-tourn"]
[EventCountry "ITA"]
[SourceTitle "playchess.com"]
[Source "ChessBase"]
[SourceQuality "1"]
[TimeControl "40/5400+30:1800+30"]

1. e4 c5 2. Nf3 e6 3. b3 b6 4. Bd3 Nc6 5. O-O Bb7 6. Re1 {[%emt 0:02:34] B40: Sicilian: 2...e6, Unusual lines.} Qc7 {[%emt 0:06:50] 6...Be7 is the modern continuation.} 7. Bf1 Nf6 8. Bb2 {[%emt 0:06:18] The position is equal.} d6 {[%emt 0:08:54] [#]} 9. c4 $146 ({Predecessor:} 9. Na3 a6 10. d4 cxd4 11. Nxd4 Be7 12. c4 Nxd4 13. Qxd4 Nxe4 14. Qxg7 O-O-O 15. Qxf7 {0-1 (40) Yudasin,L (2558)-Stripunsky,A (2543) New York 2003}) 9... e5 10. Nc3 Bc8 11. h3 g5 (11... Be7 $11) 12. Nxg5 $16 Rg8 {[%emt 0:03:39] [#]} 13. f4 h6 {[%emt 0:13:35] [#]} (13... Qd7 $142 14. Nd5 Qd8) 14. Nf3 $1 $18 Bxh3 15. Nd5 Qd8 (15... Nxd5 {might work better.} 16. exd5 Nd4 17. Nxd4 (17. fxe5 O-O-O $18) 17... cxd4 18. Bxd4 Bg4 19. fxe5 O-O-O) 16. fxe5 Ng4 (16... Nd7 {keeps fighting.} 17. exd6 Bxd6) 17. exd6 {[%emt 0:05:46] White is clearly winning.} Qxd6 18. e5 Qg6 19. Nf4 Qf5 20. Nxh3 Nd4 21. Bxd4 cxd4 22. Qe2 d3 23. Qe4 Bc5+ 24. Kh1 Qh5 (24... Qxe4 $142 25. Rxe4 O-O-O) 25. Qxa8+ Ke7 26. Qxg8 {[%emt 0:01:20] Threatens to win with e6.} Nf2+ 27. Kh2 Ng4+ 28. Kg3 {[%emt 0:00:44] Black did not feel at home in the position after the opening.  Weighted Error Value: White=0.33/Black=0.61} 1-0

[Event "Italian-ch Teams-B 2022"]
[Site "Montesilvano"]
[Date "2022.04.20"]
[Round "2.3"]
[White "Lanzani, Mario"]
[Black "Trabattoni, Franco"]
[Result "1-0"]
[ECO "A34"]
[WhiteElo "2266"]
[BlackElo "2230"]
[Annotator "TA"]
[PlyCount "81"]
[EventDate "2022.04.19"]
[EventType "team-tourn"]
[EventCountry "ITA"]
[SourceTitle "playchess.com"]
[Source "ChessBase"]
[SourceQuality "1"]
[TimeControl "40/5400+30:1800+30"]

1. c4 Nf6 2. Nc3 c5 3. e3 g6 4. d4 b6 5. d5 d6 6. e4 {[%emt 0:01:47] A34: Symmetrical English: 2 Nc3, lines with ...d5.} Bg7 7. Bd3 O-O {[%emt 0:01:35] [#]} 8. Nf3 $146 {[%emt 0:04:06] White is slightly better.} ({Predecessor:} 8. Bg5 h6 9. Bh4 e6 10. h3 exd5 11. exd5 Re8+ 12. Nge2 Nbd7 13. f4 Qc7 14. O-O {1-0 (33) Vescovi,G (2525)-Mannion,S (2370) Elista 1998}) 8... e6 9. O-O exd5 10. exd5 h6 11. h3 a6 12. a4 Nh5 13. Qc2 Nd7 14. g4 (14. Re1 $16) 14... Nhf6 (14... Ne5 $5 15. Nxe5 Bxe5 16. gxh5 Qh4 $11) 15. Bf4 Ne8 (15... h5 $14 {is superior.}) 16. Rae1 {[%emt 0:07:30] 0x0.001a398f4a34dp-1022s more active pieces. The black rooks are badly placed.} (16. Rfe1 {is more complex.} h5 17. gxh5 Ne5 18. Re3) 16... Ne5 17. Nxe5 dxe5 18. Rxe5 Bxe5 19. Bxe5 f6 20. Bf4 f5 21. Bxh6 Ng7 $1 22. Qd2 Qh4 23. Qg5 Qxh3 {[%emt 0:01:24] [#]} 24. Qxg6 $1 Qxg4+ 25. Qxg4 {[%emt 0:00:17] Chess con chili.} fxg4 26. a5 (26. Re1 $5 ) 26... Rb8 27. axb6 Rxb6 28. Bc1 {[%emt 0:02:02] A strong pair of Bishops.} Bf5 29. Be2 Rc8 30. Kg2 Ne8 31. Kg3 Nd6 32. Bf4 Kf7 33. Bxd6 (33. Rh1 {seems wilder.} Be4 34. Re1 Bc2 35. Bxd6 Rxd6 36. Bxg4 Rg6 37. f3) 33... Rxd6 34. Bxg4 Bxg4 (34... Rg6 $5 35. f3 Rcg8 $11) 35. Kxg4 $11 {[%emt 0:00:10][%mdl 4096] Endgame KRR-KRN} Rb6 (35... Re8 $11 36. f4 Rb6) 36. Ne4 $16 Kg7 (36... Ra8 $142) 37. Ra1 Rxb2 38. Rxa6 {[%emt 0:00:17] f4 is the strong threat.} Rb4 $2 (38... Re2 $16 39. Re6 Rf8) 39. Ra7+ Kh8 $2 {[%emt 0:00:04] [#]} (39... Kh6 $18 40. Nd6 Rf8) 40. Nf6 Ra8 41. Ra6 $4 {[%emt 0:34:06][%mdl 40960] Weighted Error Value: White=0.15 (very precise) /Black=0.41. Loss on time!?} 1-0

[Event "Italian-ch Teams-B 2022"]
[Site "Montesilvano"]
[Date "2022.04.20"]
[Round "2.3"]
[White "Signorelli, Gaetano"]
[Black "Brunello, Sabino"]
[Result "0-1"]
[ECO "A28"]
[WhiteElo "2196"]
[BlackElo "2500"]
[Annotator "TA"]
[PlyCount "72"]
[EventDate "2022.04.19"]
[EventType "team-tourn"]
[EventCountry "ITA"]
[SourceTitle "playchess.com"]
[Source "ChessBase"]
[SourceQuality "1"]
[TimeControl "40/5400+30:1800+30"]

1. c4 e5 2. Nc3 Nf6 3. Nf3 Nc6 4. e3 Bb4 5. Qc2 O-O 6. Nd5 Re8 7. Qf5 d6 {[%emt 0:12:41] A28: English Opening: Four Knights Variation.} 8. Nxf6+ $1 gxf6 9. Qc2 (9. Qh5 $5 ) 9... d5 {[%emt 0:05:42] The position is equal.} 10. a3 {[%emt 0:02:07] Threatens to win with cxd5.} Bf8 11. cxd5 Qxd5 12. Bc4 Qd7 (12... Bf5 $5 13. d3 (13. Bxd5 Bxc2 14. d4 Rad8 $15) (13. Qxf5 Qxc4 14. d3 Qc2 $11) 13... Qd7 $11) 13. d3 {[%emt 0:20:25] [#]} b5 $146 ({Predecessor:} 13... Qg4 14. b4 Bg7 15. O-O a6 16. Bb2 Be6 17. Rac1 Rad8 18. Nd2 f5 19. Nb3 Bxc4 20. Qxc4 Qxc4 21. Rxc4 Rxd3 {1-0 (38) Golikov,D (2319)-Ibrahimli,M (2379) Porto Carras 2018}) 14. Bxb5 Nb4 15. Bxd7 (15. Qc4 c6 $1 16. axb4 cxb5 $15) 15... Nxc2+ 16. Kd2 Bxd7 17. Kxc2 e4 18. dxe4 Rxe4 19. Bd2 Bf5 20. Kd1 Rg4 21. Ne1 (21. Nd4 Bd3 $14) (21. Rg1 $16) 21... Rd8 22. f3 Rg6 23. Ke2 (23. Rc1 $1 $14) 23... Bc8 $11 {[%emt 0:01:10][%mdl 1024] Black has compensation.} 24. Bc3 f5 {[%emt 0:00:33][%cal Of5f4] aiming for ...f4!} 25. g3 (25. Nc2 $11 {remains equal.}) 25... Ba6+ $17 26. Kf2 Bg7 $1 27. Ba5 (27. Bxg7 $1 $15 Rd2+ 28. Kg1 Kxg7 29. b4) 27... Rd5 $1 (27... Bxb2 $6 28. Ra2 Rb6 29. Bb4 $11) 28. Bxc7 (28. Bb4 $17 {is a better defense.} Rb6 29. Rc1) 28... Rd2+ ({Wrong is} 28... Bxb2 $2 29. Rb1 Rd2+ 30. Kg1 $19) (28... Rc6 $142 29. Bf4 Rd2+ 30. Kg1 Bxb2) 29. Kg1 $19 Bxb2 30. Ba5 Re2 ({Weaker is} 30... Bxa1 31. Bxd2 Rd6 32. Bb4 $11) 31. Rd1 Rc6 {[%emt 0:02:17] Hoping for ...Bc1.} 32. h4 {[%emt 0:01:18] [#]} f4 ({Better is} 32... Rc1 $1 $19 33. Rxc1 Bxc1) 33. exf4 {[%emt 0:01:32] [#]} Rc1 $1 $36 {[%emt 0:00:38][%mdl 2112] Deflection. White is under strong pressure. 0x0.001a398f4aa0dp-1022s more active pieces. The white rooks are badly placed.} ({Reject} 33... Bxa3 $6 34. Rh2 $11) 34. Rxc1 (34. Rd6 $17) 34... Bd4+ {[%emt 0:00:25] A strong pair of Bishops. Black mates.} 35. Kf1 Rf2+ 36. Kg1 Rd2# {[%emt 0:00:04] Weighted Error Value: White=0.52/Black=0.11 (very precise)} 0-1

[Event "Italian-ch Teams-B 2022"]
[Site "Montesilvano"]
[Date "2022.04.20"]
[Round "2.4"]
[White "Dvirnyy, Danyyil"]
[Black "Buonanno, Raffaele"]
[Result "1-0"]
[ECO "B07"]
[WhiteElo "2496"]
[BlackElo "2191"]
[Annotator "TA"]
[PlyCount "61"]
[EventDate "2022.04.19"]
[EventType "team-tourn"]
[EventCountry "ITA"]
[SourceTitle "playchess.com"]
[Source "ChessBase"]
[SourceQuality "1"]
[TimeControl "40/5400+30:1800+30"]

1. e4 d6 2. d4 Nf6 3. Nc3 g6 4. Be3 a6 5. Qd2 b5 6. f3 {[%emt 0:00:00] B07: Pirc Defence: Miscellaneous Systems.} Bb7 7. O-O-O Nbd7 8. h4 {[%emt 0:00:00] White is slightly better.} h5 9. Nh3 Bg7 10. Kb1 e5 11. d5 {[%emt 0:00:00] [#]} b4 $146 {[%emt 0:18:45] [#]} ({Predecessor:} 11... Nb6 12. b3 Rc8 13. Nf2 O-O 14. g4 c6 15. dxc6 Rxc6 16. Bg5 Qc7 17. Bxf6 Bxf6 {0-1 (37) Hess,M (2373)-Schmidt,P (2398) Germany 2020}) 12. Na4 a5 13. c3 bxc3 (13... c5 $14) 14. Qxc3 $16 O-O 15. Rc1 Nb6 16. Bb5 (16. Qxc7 Nxa4 17. Bb5 (17. Qxb7 Rb8 $11) 17... Nc5 18. Rxc5 dxc5 $11) ({White should play} 16. Nxb6 $18 cxb6 17. Qa3) 16... Ba6 (16... Nfxd5 $16 17. exd5 Nxd5) 17. Nxb6 $18 ({Not} 17. Qxc7 {[#]} Nbxd5 $1 18. exd5 (18. Qxd8 Rfxd8 19. exd5 Bxb5 $15) 18... Bxb5 19. Qxd8 Rfxd8 $15) 17... cxb6 18. Bxa6 Rxa6 19. Qc7 b5 20. Qb7 Qa8 21. Rc7 (21. Qxb5 $18 {Strongly threatening Rc6.} Rb8 22. Qa4 (22. Qe2 a4 $18)) 21... Rb8 22. Qxa8 {[%emt 0:00:00] 0x0.000e62c4cf4ddp-1022s more active pieces.} Raxa8 23. Ba7 Rc8 24. Rhc1 Rxc7 25. Rxc7 Ne8 26. Rb7 f6 (26... Bh6 $16 {was necessary.} 27. Ng5 f6) 27. Be3 b4 28. Kc2 Rc8+ 29. Kd3 Nc7 (29... f5 {was worth a try.} 30. Ng5 Bh6) 30. Rb6 {[%emt 0:00:09] aiming for Rc6.} Bf8 $2 (30... Ne8 {is a better defense.} 31. Ra6 b3 32. axb3 Rb8) 31. Rc6 {[%emt 0:00:14] Weighted Error Value: White=0.16 (very precise) /Black=0.32} 1-0

[Event "Italian-ch Teams-B 2022"]
[Site "Montesilvano"]
[Date "2022.04.20"]
[Round "2.4"]
[White "Simoli, Sergio"]
[Black "Mazzilli, Piero"]
[Result "0-1"]
[ECO "B87"]
[WhiteElo "2262"]
[BlackElo "2296"]
[Annotator "TA"]
[PlyCount "48"]
[EventDate "2022.04.19"]
[EventType "team-tourn"]
[EventCountry "ITA"]
[SourceTitle "playchess.com"]
[Source "ChessBase"]
[SourceQuality "1"]
[TimeControl "40/5400+30:1800+30"]

1. e4 c5 2. Nf3 d6 3. d4 cxd4 4. Nxd4 Nf6 5. Nc3 a6 6. Bc4 e6 7. Bb3 Be7 8. Be3 b5 9. Qe2 O-O 10. O-O-O ({Better is} 10. f3 $11) 10... Bd7 {[%emt 0:17:45] B87: Sicilian Scheveningen/Najdorf: 6 Bc4, with early ...b5.} (10... b4 $15 11. Na4 Bd7) 11. f3 (11. a3 $1 $11) 11... b4 $17 12. Nb1 Qc7 {[%emt 0:15:24] Black is better.} 13. g4 Rc8 (13... a5 $17 {Strongly threatening ...a4.} 14. g5 Nh5) 14. g5 $15 Ne8 {[%emt 0:01:15] [#] And now ...a5 would win.} 15. Rhg1 $146 ({White should try} 15. f4 $15 Nc6 16. f5 exf5 17. exf5 (17. Nxf5 Be6 $11) 17... Nxd4 18. Rxd4) ({Predecessor:} 15. h4 Nc6 16. h5 Na5 17. Rhg1 Nxb3+ 18. axb3 a5 19. g6 a4 20. bxa4 Bxa4 21. Rd2 {0-1 (39) Zapata Cuartas,J-De la Roche,J Medellin 2000}) 15... a5 $19 {[%emt 0:16:01] [#] ...a4 is the strong threat.} 16. a4 Na6 17. Nb5 Qb7 (17... Bxb5 $17 18. Qxb5 (18. axb5 Nc5 $17) 18... Nc5) 18. Bc4 ({White should play} 18. h4 $15) 18... Nc5 $17 19. b3 Bxb5 20. axb5 a4 21. Kb2 (21. Bxc5 Rxc5 22. bxa4) 21... axb3 $19 {[%emt 0:04:56] Black is clearly winning.} 22. Bxb3 Qa7 {[%emt 0:01:59] [#] ( -> ...Qa1+)} 23. Bxc5 Rxc5 24. Kc1 Bxg5+ {[%emt 0:00:00] Weighted Error Value: White=0.54/Black=0.25 (precise)} 0-1

[Event "Italian-ch Teams-B 2022"]
[Site "Montesilvano"]
[Date "2022.04.20"]
[Round "2.4"]
[White "Lapiccirella, Daniele"]
[Black "Botta, Massimiliano"]
[Result "0-1"]
[ECO "E81"]
[WhiteElo "2180"]
[BlackElo "2217"]
[Annotator "TA"]
[PlyCount "59"]
[EventDate "2022.04.19"]
[EventType "team-tourn"]
[EventCountry "ITA"]
[SourceTitle "playchess.com"]
[Source "ChessBase"]
[SourceQuality "1"]
[TimeControl "40/5400+30:1800+30"]

1. d4 Nf6 2. c4 g6 3. Nc3 Bg7 4. e4 d6 5. f3 O-O 6. Be3 c5 7. Nge2 Nc6 8. d5 Ne5 9. Ng3 h5 10. Be2 {[%emt 0:00:18] [#] E81: King's Indian: Sämisch: 6th move deviations (including 6 Be3 c6).} Nfd7 $146 ({Predecessor:} 10... h4 11. Nf1 e6 12. f4 Nxc4 13. Bxc4 b5 14. Bxb5 exd5 15. exd5 h3 16. Qd2 Rb8 17. Bc6 Ne4 18. Nxe4 Rxb2 {0-1 (27) Hess,R (2591)-Kollars,D (2585) Chess.com INT 2020}) 11. O-O Nb6 12. Qb3 {[%emt 0:01:06] White is slightly better.} h4 13. Nh1 f5 14. f4 ({Better is} 14. Bg5 $16) 14... Ng4 $11 15. Bxg4 fxg4 16. g3 e5 17. dxe6 Bxe6 18. Nd5 Rf7 19. Rad1 h3 20. Nf2 Nd7 (20... Nxd5 $14 21. cxd5 Bd7) 21. Rd2 ({Resist} 21. Qxb7 Nb6 22. Qa6 Bxb2 $11) 21... Nb8 (21... Nb6 $142) 22. Qd1 $16 Qc8 23. e5 Nc6 24. exd6 Nd4 25. Bxd4 cxd4 (25... Bxd4 $142 26. Rxd4 cxd4 27. Qxd4 Qc6) 26. Rxd4 (26. Re1 $18 {has better winning chances.}) 26... Qc6 (26... Bxd4 $16 27. Qxd4 Qc6) 27. Re1 $2 (27. Rd2 $18) 27... Bf5 $2 ({Black should play} 27... Bxd4 $14 28. Qxd4 Bxd5 29. cxd5 Qxd6) 28. b4 $2 ({White has to play} 28. Rd2 $18) 28... Rd8 $2 (28... Bxd4 $11 29. Qxd4 Qxd6) 29. c5 {[%emt 0:00:33] [#] Strongly threatening Rd2.} b6 30. cxb6 $4 {[%emt 0:00:00][%mdl 8192] Weighted Error Value: White=0.50/Black=0.55} ({Don't play} 30. Rd2 bxc5 31. bxc5 (31. Nxg4 Bxg4 32. Qxg4 Rxd6 $11) 31... Qxc5) (30. Rc4 $18) 0-1

[Event "Italian-ch Teams-B 2022"]
[Site "Montesilvano"]
[Date "2022.04.20"]
[Round "3.1"]
[White "Mastrovasilis, Dimitrios"]
[Black "Rombaldoni, Denis"]
[Result "1/2-1/2"]
[ECO "B07"]
[WhiteElo "2618"]
[BlackElo "2485"]
[Annotator "TA"]
[PlyCount "83"]
[EventDate "2022.04.19"]
[EventType "team-tourn"]
[EventCountry "ITA"]
[SourceTitle "playchess.com"]
[Source "ChessBase"]
[SourceQuality "1"]
[TimeControl "40/5400+30:1800+30"]

1. e4 d6 2. d4 Nf6 3. Nc3 e5 4. dxe5 dxe5 5. Qxd8+ Kxd8 6. Bc4 Ke8 7. Nf3 Bd6 8. Bg5 Nbd7 9. O-O-O {[%emt 0:00:17][%cal Ba1d1,Bd1d3,Bd3f3][%mdl 32] B07: Pirc Defence: Miscellaneous Systems.} a6 10. a4 h6 11. Bh4 Nb6 12. Bb3 Bg4 13. Bxf6 gxf6 14. Rd3 {[%emt 0:14:33] [#]} Bb4 $146 ({Predecessor:} 14... Rd8 15. h3 Be6 16. Rhd1 Nd7 17. R3d2 Nc5 18. Bd5 Be7 19. Bxe6 fxe6 20. Rxd8+ Bxd8 {½-½ (37) Sternik,R (1949)-Vorobjev,A (2040) LSS email 2018}) 15. Rhd1 Rg8 16. h3 Be6 17. Nh4 c6 {[%emt 0:13:06] Prevents Nd5.} 18. Ne2 Bc5 19. Rf3 Rd8 20. g4 ({Don't go for} 20. Rxf6 $2 Bxb3 21. Rxd8+ (21. cxb3 $2 Be7 $19) 21... Kxd8 $19) 20... Rxd1+ 21. Kxd1 Ke7 22. Nf5+ (22. Ng3 $16) 22... Bxf5 $11 23. Rxf5 Nc8 24. Ng3 Nd6 25. Rf3 Bd4 (25... h5 $5) 26. c3 Ba7 27. Ke2 Rb8 28. Rd3 a5 29. Rd2 Bc5 30. Ba2 Bb6 31. Kf3 Rd8 32. h4 Kf8 33. h5 Bc7 34. Ke2 Ke8 35. Rd3 Rd7 36. Rd1 Rd8 37. Bb3 Rd7 38. Bc2 Rd8 39. Bb3 Rd7 40. Bc2 Rd8 41. Bd3 Rd7 42. Bc2 {[%emt 0:00:00] Weighted Error Value: White=0.08 (flawless) /Black=0.06 (flawless)} (42. f3 $14) 1/2-1/2

[Event "Italian-ch Teams-B 2022"]
[Site "Montesilvano"]
[Date "2022.04.20"]
[Round "3.1"]
[White "Moroni, Luca Jr"]
[Black "Fier, Alexandr"]
[Result "1-0"]
[ECO "A48"]
[WhiteElo "2588"]
[BlackElo "2583"]
[Annotator "TA"]
[PlyCount "181"]
[EventDate "2022.04.19"]
[EventType "team-tourn"]
[EventCountry "ITA"]
[SourceTitle "playchess.com"]
[Source "ChessBase"]
[SourceQuality "1"]
[TimeControl "40/5400+30:1800+30"]

1. b3 Nf6 2. Bb2 g6 3. Nf3 Bg7 4. e3 c5 5. d4 cxd4 6. exd4 d5 7. Nbd2 O-O 8. Be2 Nc6 9. O-O Bf5 10. Nh4 Bd7 11. c4 Rc8 12. Re1 Re8 13. Ndf3 Bg4 14. h3 Bxf3 15. Nxf3 e6 16. Ne5 dxc4 17. Nxc6 bxc6 18. bxc4 c5 19. dxc5 Nd7 20. Bxg7 Kxg7 21. Qd4+ Nf6 22. Qc3 Qc7 23. Bf1 Red8 24. Rab1 Qxc5 25. Rb7 Rc7 (25... Rc6 $1 $11) 26. Rxc7 $14 Qxc7 27. c5 Rc8 28. Rc1 e5 29. c6 (29. g3 $14) 29... Qd6 (29... Nd5 $11 30. Qb3 Nf4) 30. g3 Rc7 (30... Ne4 $14 31. Qe3 Rxc6) 31. Bg2 $1 $16 Ne8 32. Rb1 h5 33. Rb7 h4 (33... Re7 $16 34. Qa5 Nc7 35. Qxa7 (35. Rxa7 e4 $16) 35... e4) 34. gxh4 $18 Nf6 (34... Qd1+ {was worth a try.} 35. Kh2 Qd6) 35. Qa5 $18 Rxc6 36. Bxc6 Qxc6 37. Qxa7 Qc1+ 38. Kg2 $1 ({Less strong is} 38. Kh2 Ng4+ 39. Kg2 (39. hxg4 Qf4+ 40. Kg2 Qxg4+ 41. Kh2 Qf4+ 42. Kh3 Qf3+ 43. Kh2 Qf4+ 44. Kg1 Qg4+ 45. Kh1 Qh3+ 46. Kg1 Qg4+ 47. Kh2 Qf4+ $11) 39... Qc6+ 40. Kg3 Nh6 $16) 38... Qc6+ 39. Kg1 (39. Kg3 $18 {and White stays clearly on top.} Qd5 40. Kh2) 39... Qc1+ $16 40. Kg2 $2 (40. Kh2 $16 Ng4+ 41. Kg2 (41. hxg4 Qf4+ 42. Kg2 Qxg4+ 43. Kf1 Qd1+ 44. Kg2 Qg4+ 45. Kh1 Qxh4+ 46. Kg2 Qg4+ 47. Kf1 Qd1+ 48. Kg2 Qg4+ 49. Kh2 Qh4+ 50. Kg2 Qg4+ $11) 41... Qc6+ 42. Kg3) 40... Qc6+ $1 $18 41. Kh2 Qc4 42. a4 Ng4+ 43. Kg1 $1 ({Inferior is} 43. hxg4 Qf4+ 44. Kg2 Qxg4+ 45. Kf1 Qd1+ 46. Kg2 Qg4+ 47. Kh1 Qf3+ 48. Kh2 Qf4+ 49. Kh1 Qf3+ 50. Kh2 Qf4+ 51. Kh1 Qf3+ $11) 43... Qc1+ 44. Kg2 Qc6+ 45. Kg1 Qc1+ 46. Kg2 Qc6+ 47. Kg3 Nh6 48. Kh2 Qe4 49. Rd7 $1 Qxh4 50. Qc5 ({White should try} 50. Rc7 $1 $18) 50... Qf4+ $16 51. Kg1 Qg5+ (51... Ng4 $16) 52. Kh2 $2 (52. Kf1 $18) 52... Qf4+ $14 53. Kg1 (53. Kg2 $14 Nf5 54. a5) 53... Qg5+ $1 $18 54. Kf1 Qf5 55. Rd8 Qxh3+ 56. Ke1 Qh1+ 57. Kd2 Qh2 58. a5 Qf4+ 59. Kc3 Nf5 60. a6 Nd4 61. Rxd4 Qc1+ 62. Kb4 Qb2+ $2 {[%emt 0:00:02] [#]} (62... Qb1+ 63. Kc4 exd4) 63. Kc4 $1 $18 Qa2+ 64. Kb5 exd4 65. Qxd4+ Kh7 66. a7 Qb3+ 67. Kc6 Qe6+ 68. Kc7 Qe7+ 69. Kb6 $2 (69. Qd7 Qc5+ 70. Kb7 Qb4+ 71. Kc8) 69... Qe6+ $18 70. Kb7 Qe7+ 71. Kc6 $2 (71. Ka6 Qa3+ 72. Kb6 Qb3+ 73. Kc7) 71... Qe6+ $1 $18 72. Qd6 Qc4+ 73. Kb6 Qb3+ 74. Kc7 Qa4 75. Qc5 Qe4 76. Kd8 Kg7 77. Qc3+ Kg8 78. Qc8 Kf8 79. Kd7+ (79. Kc7+ $142 Kg7 80. a8=Q Qf4+ 81. Kc6 Qf3+ 82. Kd6 Qf6+ 83. Kd5 Qf3+ 84. Ke5 Qh5+ 85. Kf4 Qh6+ 86. Kg3) 79... Kg7 $18 80. a8=Q Qe6+ 81. Kc7 Qe5+ 82. Kb6 Qb2+ 83. Ka5 $2 (83. Kc6 {mates} Qc1+ 84. Kd5 Qh1+ 85. Kd4 Qd1+ 86. Ke3 Qe1+ 87. Kf3 Qh1+ 88. Ke2) 83... Qa2+ $2 (83... Qa3+ $11 84. Kb6 Qb4+ 85. Kc6 Qc4+ 86. Kd6 Qf4+ 87. Kd5 Qd2+ 88. Ke5 Qb2+ 89. Kd6 Qf6+ 90. Kd5 Qg5+ 91. Kc4 Qc1+ 92. Kd3 Qf1+ 93. Ke3 Qe1+ 94. Kf3 Qh1+ 95. Ke2 Qxa8) 84. Kb4 Qb2+ 85. Kc4 Qc2+ 86. Kd4 Qxf2+ 87. Kc3 Qe1+ 88. Kc2 Qe2+ 89. Kc1 Qe1+ {[%emt 0:00:04] [#]} 90. Kb2 $1 Qb4+ 91. Kc2 1-0

[Event "Italian-ch Teams-B 2022"]
[Site "Montesilvano"]
[Date "2022.04.20"]
[Round "3.1"]
[White "Dervishi, Erald"]
[Black "Lazic, Miroljub"]
[Result "1-0"]
[ECO "C92"]
[WhiteElo "2511"]
[BlackElo "2322"]
[Annotator "TA"]
[PlyCount "153"]
[EventDate "2022.04.19"]
[EventType "team-tourn"]
[EventCountry "ITA"]
[SourceTitle "playchess.com"]
[Source "ChessBase"]
[SourceQuality "1"]
[TimeControl "40/5400+30:1800+30"]

1. e4 e5 2. Nf3 Nc6 3. Bb5 a6 4. Ba4 Nf6 5. O-O Be7 6. Re1 b5 7. Bb3 d6 8. c3 O-O 9. h3 Re8 10. d4 Bf8 11. Nbd2 Bb7 12. a3 g6 13. Ba2 {[%emt 0:13:47] 13.Bc2 deserves study.} Bg7 14. b4 exd4 {[%emt 0:25:27] C92: Closed Ruy Lopez: 9...Be6, Karpov and Flohr-Zaitsev Variations.} 15. cxd4 a5 16. Qb3 Qd7 {[%emt 0:02:45][%cal Of6e4] White has an edge.} 17. Bb2 axb4 18. axb4 Ra4 19. Bc3 {[%emt 0:00:27] [#]} Nd8 $146 (19... Nh5 $11) ({Predecessor:} 19... Nh5 20. Bb1 Rxa1 21. Bxa1 Nf4 22. Bc3 d5 23. e5 Ne7 24. Qd1 Qc6 25. Qc1 Bc8 {1-0 (77) Inarkiev,E (2723)-Oparin,G (2625) Moscow 2017}) 20. Bb1 (20. d5 $16) 20... Rxa1 $11 21. Bxa1 Ne6 22. g3 (22. d5 {is more complex.} Nf4 23. Bd4 c6 24. Qb2) 22... h6 23. Bd3 Ng5 24. Nxg5 hxg5 25. Qc2 Nd5 26. Rb1 {[%emt 0:01:28] [#]} Nb6 (26... Qxh3 $1 $11 27. Bf1 Ne3 $1 28. Qxc7 Nxf1 29. Rxf1 Bxe4 30. Nxe4 Rxe4) 27. d5 $14 Bxa1 28. Rxa1 c6 $1 29. dxc6 Bxc6 30. Rc1 Rc8 31. Qb2 d5 ({Much less strong is} 31... Qxh3 32. Qd4 Be8 33. Rxc8 Nxc8 34. Nf3 $14) 32. exd5 Nxd5 (32... Qxd5 $11 33. Be4 Qe6) 33. Be4 (33. Ne4 $14) 33... Nb6 $11 34. Bxc6 Rxc6 35. Ne4 Rxc1+ 36. Qxc1 {[%emt 0:00:01] aiming for Nf6+.} Qe7 {[%emt 0:01:36] Prevents Nf6+.} 37. Nxg5 Nd5 38. h4 Nxb4 (38... Qxb4 $11 {was preferrable.} 39. Qa1 Nc3) 39. Qc8+ $14 Kg7 $1 40. Qc3+ $1 f6 41. Nf3 (41. Nh3 $1 $14 {might be stronger.}) 41... Nd5 $11 42. Qd4 Nc7 43. h5 gxh5 44. Nh4 {[%emt 0:00:00] Hoping for Nf5+.} Kf7 45. Qd1 Ke8 46. Qxh5+ Kd7 47. Nf5 Qe5 48. Qg4 Kc6 49. Ne3 Qe6 50. Qf3+ Kb6 51. Qd1 b4 52. Qd4+ Kb5 53. Qd3+ Kb6 54. Nc4+ Kc5 55. Nd2 Nd5 56. Qc4+ Kb6 57. Qd4+ Kc7 58. Qa7+ Kd8 59. Nf3 Qd7 60. Qc5 Qb7 61. Nd4 {[%emt 0:00:15] Nc6+ is the strong threat.} Ne7 {[%emt 0:01:39] Prevents Nc6+.} (61... Kd7 $1 $11 62. Qc4 Qa8) 62. Qd6+ $14 Ke8 63. Ne6 ({Don't play} 63. Qxf6 b3 64. Qh8+ Kf7 $11) (63. Qe6 $14) 63... b3 $2 (63... Qe4 $11) 64. Nc7+ $18 Kf7 65. Qe6+ Kg6 {[%emt 0:00:01] [#]} 66. Qxe7 $2 ({Only move:} 66. Qg4+ $1 $18 Kh6 67. Ne6) 66... b2 $11 67. Qe8+ Kg7 $2 (67... Kh6 $11 68. Qh8+ Kg6 69. Qe8+ Kh6 70. Qe3+ Kg7 71. Qe7+ Kg6 72. Qe8+) 68. Ne6+ $18 {[%emt 0:00:29] White is clearly winning.} Kh7 69. Qh5+ Kg8 70. Qg6+ Kh8 71. Qxf6+ Kg8 72. Qg6+ Kh8 73. Qb1 Qb3 74. Nd4 Qc3 75. Ne2 Qd2 76. Kf1 {[%emt 0:00:13] And now f4 would win.} Kg7 77. f4 {[%emt 0:00:10] Weighted Error Value: White=0.10 (very precise) /Black=0.12 (very precise)} 1-0